AoeStats
← matrak_1991

Arena

510366833Analyzed
3v3 RM · 13h ago on Sep 30, 2026· 50m 47s· 6 players
Game mode
Random Map
Map size
Normal (6 player)
Population
200
Speed
Normal
Resources
Standard
Victory
Conquest
Starting age
Dark Age
Ending age
Imperial Age
RankedLock teamsTeams togetherTeam positionsShared explorationLock speedFull tech treeHidden civsTurbo modeCheats
Victory
Defeat
🇹🇷 Byzantines · Türkiye
966
+15
🇮🇳 Burgundians · India
965
+15
🇨🇳 Bohemians · China
947
+16
🇳🇱 Turks · Netherlands
1048
-19
🇩🇪 Teutons · Germany
956
-16
🇩🇪 Khmer · Germany
844
-11
matrak_1991
10:53 Feudal Age
12:12 Loom
13:29 Double-Bit Axe
15:52 Castle Age
14:25 Double-Bit Axe
14:58 Scale Barding Armor
14:53 Horse Collar
17:22 Bow Saw
23:14 Light Cavalry
24:37 Gold Mining
26:10 Wheelbarrow
26:09 Husbandry
28:15 Hand Cart
32:06 Imperial Age
30:58 Padded Archer Armor
30:48 Fletching
30:59 Scale Mail Armor
31:22 Chain Barding Armor
31:02 Padded Archer Armor
31:03 Scale Mail Armor
31:46 Squires
31:06 Pikeman
34:16 Plate Barding Armor
35:32 Chemistry
39:00 Halberdier
41:30 Two-Man Saw
41:14 Heavy Plow
41:48 Hussar
42:41 Forging
42:49 Stone Mining
43:36 Crop Rotation
49:27 Leather Archer Armor
49:03 Fletching
49:28 Chain Mail Armor
49:30 Cavalier
TheB0ldOne
0:30 Loom
10:28 Feudal Age
9:26 Double-Bit Axe
11:26 Bow Saw
18:18 Castle Age
16:20 Stone Mining
16:59 Loom
17:12 Gold Mining
20:31 Horse Collar
22:26 Scale Barding Armor
23:20 Cavalier
26:19 Husbandry
27:38 Forging
33:50 Burgundian Vineyards
34:44 Devotion
34:18 Pikeman
36:12 Masonry
37:13 Light Cavalry
38:37 Iron Casting
39:48 Stone Shaft Mining
39:50 Gold Shaft Mining
40:01 Wheelbarrow
47:12 Imperial Age
46:28 Squires
46:14 Arson
46:52 Chain Barding Armor
49:06 Chemistry
47:40 Paladin
48:59 Conscription
48:20 Capped Ram
xiaoye
11:22 Feudal Age
13:13 Loom
13:38 Double-Bit Axe
13:39 Horse Collar
16:08 Castle Age
15:01 Town Watch
18:56 Fervor
26:11 Imperial Age
25:11 Sanctity
26:53 Chemistry
26:39 Wheelbarrow
27:15 Conscription
27:43 Pikeman
28:24 Squires
29:27 Padded Archer Armor
31:34 Leather Archer Armor
31:50 Heavy Plow
43:01 Ring Archer Armor
42:22 Fletching
43:24 Elite Skirmisher
45:03 Hand Cart
44:49 Town Patrol
45:24 Bodkin Arrow
45:41 Forging
45:37 Scale Barding Armor
45:55 Wagenburg Tactics
46:06 Elite Hussite Wagon
47:25 Bow Saw
49:29 Light Cavalry
50:09 Husbandry
50:35 Bracer
51:11 Iron Casting
50:37 Scale Mail Armor
Mahone
11:58 Feudal Age
16:54 Castle Age
14:58 Double-Bit Axe
20:54 Imperial Age
19:04 Loom
22:12 Bow Saw
25:53 Wheelbarrow
31:38 Town Watch
34:13 Squires
33:58 Arson
36:13 Scale Mail Armor
36:23 Forging
36:54 Hand Cart
36:39 Town Patrol
38:29 Chain Mail Armor
38:50 Iron Casting
41:44 Gold Mining
42:18 Horse Collar
omahaomaha
11:41 Feudal Age
13:01 Double-Bit Axe
16:56 Castle Age
15:29 Horse Collar
15:49 Gold Mining
15:50 Stone Mining
18:42 Bow Saw
20:38 Stone Shaft Mining
20:13 Heavy Plow
20:38 Loom
24:41 Wheelbarrow
27:00 Hand Cart
26:31 Town Watch
27:48 Fortified Wall
31:31 Imperial Age
29:49 Scale Barding Armor
29:42 Fletching
30:50 Chain Barding Armor
30:59 Town Patrol
31:04 Bodkin Arrow
31:20 Forging
32:17 Ballistics
32:08 Masonry
33:22 Plate Barding Armor
32:11 Cavalier
33:02 Bloodlines
32:39 Elite Skirmisher
34:00 Iron Casting
34:09 Crop Rotation
34:41 Two-Man Saw
34:13 Conscription
34:35 Padded Archer Armor
35:39 Crenellations
36:14 Hoardings
35:11 Sappers
36:55 Blast Furnace
35:58 Padded Archer Armor
39:27 Chemistry
38:33 Siege Engineers
44:24 Leather Archer Armor
43:33 Paladin
46:33 Ring Archer Armor
Kaputthaua
11:04 Feudal Age
13:37 Wheelbarrow
12:55 Horse Collar
13:42 Double-Bit Axe
17:29 Castle Age
16:05 Loom
17:22 Scale Barding Armor
18:18 Light Cavalry
19:10 Bloodlines
20:04 Husbandry
21:26 Scale Mail Armor
21:32 Scale Mail Armor
21:49 Forging
23:02 Bow Saw
35:37 Chain Barding Armor
35:53 Iron Casting
38:45 Imperial Age
36:45 Ballistics
37:05 Hand Cart
36:35 Town Watch
38:02 Murder Holes
38:19 Masonry
38:17 Scale Mail Armor
44:35 Elite Battle Elephant
44:42 Elite Skirmisher
46:44 Padded Archer Armor
46:35 Fletching
46:48 Padded Archer Armor
48:41 Elite Ballista Elephant
Connection lost

Rejoining the realm…

Still unreachable

The connection could not be restored.

Session expired

The server has moved on; the page needs a fresh start.